 Dungeon Crawl Stone Soup version 0.21.1-1-g345015fe64 (webtiles) character file.

86 HuneSparrow the Slasher (level 4, -5/35 HPs)
             Began as a Demonspawn Fighter on July 2, 2018.
             Slain by a phantom (8 damage)
             ... on level 3 of the Dungeon.
             The game lasted 00:06:47 (1953 turns).

HuneSparrow the Slasher (Demonspawn Fighter)        Turns: 1953, Time: 00:06:47

Health: -5/35      AC:  4    Str: 23    XL:     4   Next: 27%
Magic:  4/4        EV:  7    Int:  9    God:
Gold:   94         SH: 13    Dex: 12    Spells: 3/3 levels left

rFire    . . .     SeeInvis .   a - +0 long sword
rCold    . . .     Gourm    .   c - +0 shield
rNeg     . . .     Faith    .   b - +0 scale mail
rPois    .         Spirit   .   (no helmet)
rElec    .         Reflect  .   (no cloak)
rCorr    .         Harm     .   (no gloves)
MR       .....                  (no boots)
Stlth    ..........             (no amulet)
HPRegen  0.11/turn              l - -2 ring of protection (curse)
MPRegen  0.09/turn              (no ring)

@: mighty
A: large bone plates 1, demonic guardian 1
a: no special abilities


You were on level 3 of the Dungeon.
You were hungry.

You visited 1 branch of the dungeon, and saw 3 of its levels.

You collected 94 gold pieces.

Inventory:

Hand Weapons
 a - a +0 long sword (weapon)
Armour
 b - a +0 scale mail (worn)
 c - a +0 shield (worn)
Jewellery
 l - a cursed -2 ring of protection (left hand)
Scrolls
 e - a scroll of teleportation
 h - a scroll of identify
 i - 2 scrolls of immolation
 n - 2 scrolls of magic mapping {unknown}
Potions
 d - a potion of might
 g - a potion of ambrosia {unknown}
 j - a potion of heal wounds {unknown}
 k - 3 potions of curing
 m - a potion of lignification {unknown}
 o - 2 potions of haste {unknown}
Comestibles
 f - 7 rations


   Skills:
 - Level 3.0 Fighting
 * Level 3.5 Long Blades
 - Level 2.7 Armour
 + Level 3.3 Shields


You had 3 spell levels left.
You didn't know any spells.

Dungeon Overview and Level Annotations

Branches:
Dungeon (3/15)

Altars:


Innate Abilities, Weirdness & Mutations

You are partially covered in large bone plates. (SH +4)
A weak demonic guardian rushes to your aid.


Message History

You feel very mighty all of a sudden.
Your quasit bites the phantom but does no damage.
Your quasit claws the phantom.
Your quasit closely misses the phantom.
Your quasit bites the phantom but does no damage.
Your quasit claws the phantom. x2
Your shield and scale mail prevent you from hitting the phantom.
The phantom is moderately damaged.
The phantom hits you.
* * * LOW HITPOINT WARNING * * *
The phantom blinks! x2
The phantom hits you.
* * * LOW HITPOINT WARNING * * *
You barely miss the phantom.
The phantom is moderately damaged.
The phantom barely misses you.
You slash the phantom!
The phantom is severely damaged.
Your quasit disappears in a puff of smoke!
The phantom hits you!
You die...

#####
##.<.##
##.....##
#...?...#
#...(...#
#...ยง(>.#
##.5@...#
##W..#.#
##.##.#
... .#
#..# #...
#..## <.##


You could see a phantom and a friendly white imp.

Vanquished Creatures
  5 adders (D:2)
  A dart slug (D:2)
  A leopard gecko (D:1)
  4 bats
  4 goblins
  3 hobgoblins (D:1)
  8 jackals (D:2)
  4 kobolds
  4 frilled lizards
  3 rats
37 creatures vanquished.

Notes
Turn   | Place    | Note
-------+----------+-------------------------------------------
     0 | D:1      | HuneSparrow the Demonspawn Fighter began the quest for the Orb.
     0 | D:1      | Reached XP level 1. HP: 18/18 MP: 1/1
    12 | D:1      | Noticed an electric eel
   346 | D:1      | Gained mutation: You are partially covered in large bone plates. (SH +4) [demonic ancestry]
   346 | D:1      | Reached XP level 2. HP: 12/24 MP: 2/2
   890 | D:2      | Gained mutation: A weak demonic guardian rushes to your aid. [demonic ancestry]
   890 | D:2      | Reached XP level 3. HP: 29/29 MP: 3/3
  1390 | D:2      | Reached XP level 4. HP: 28/35 MP: 4/4
  1937 | D:3      | Noticed a phantom
  1953 | D:3      | Slain by a phantom

Skill      XL: |  1  2  3 |
---------------+----------+-----
Long Blades    | 2 3 |  3.5
Shields        | 3 |  3.3
Fighting       | |  3.0
Armour         | |  2.7

Action                   |  1- 3 |  4- 6 || total
-------------------------+-------+-------++-------
Melee: Long sword        |   127 |    46 ||   173
  Use: Scroll            |     3 |       ||     3
       Potion            |       |     1 ||     1
  Eat: Chunk             |     1 |     2 ||     3
Armor: Scale mail        |    23 |    13 ||    36
Dodge: Dodged            |    35 |    12 ||    47
Block: Shield            |   109 |    40 ||   149
       Rpst.: Long sword |    10 |     3 ||    13
